 Dungeon Sprint DCSS version 0.21.1-1-g345015f (webtiles) character file.

476 Fang the Fighter (level 6, -4/68 HPs)
             Began as a Minotaur Berserker on June 6, 2018.
             Was an Elder of Trog.
             Killed from afar by a raiju (7 damage)
             ... with a living lightning
             ... in the Dungeon (Sprint V: "Ziggurat Sprint").
             The game lasted 00:01:14 (278 turns).

Fang the Fighter (Minotaur Berserker)                Turns: 278, Time: 00:01:15

Health: -4/68      AC: 17    Str: 33    XL:     6   Next: 85%
Magic:  5/5        EV: 11    Int:  4    God:    Trog [****..]
Gold:   0          SH:  0    Dex: 11    Spells: 5/5 levels left

rFire    . . .     SeeInvis .   l - +5 demon trident
rCold    . . .     Gourm    .   (no shield)
rNeg     . . .     Faith    .   j - +5 shadow dragon scales
rPois    .         Spirit   .   (helmet restricted)
rElec    .         Reflect  .   (no cloak)
rCorr    .         Harm     .   (no gloves)
MR       .....     NoTele   +   (no boots)
Stlth    ++........             B - amulet "Wicrimp" {Inacc Str+3 Dex+2}
HPRegen  0.21/turn              G - ring of flight
MPRegen  0.09/turn              F - +6 ring of strength

@: berserk cooldown, slowed, very slow
A: retaliatory headbutt, horns 2
a: Berserk, Trog's Hand, Brothers in Arms, Burn Spellbooks, Renounce Religion,
Evoke Flight


You were in the Dungeon.
You worshipped Trog.
Trog was greatly pleased with you.
You were very hungry.

You visited 1 branch

Inventory:

Hand Weapons
 k - a +5 executioner's axe
 l - a +5 demon trident (weapon)
 A - a +5 broad axe of flaming
Armour
 j - +5 shadow dragon scales (worn)
Jewellery
 B - the amulet "Wicrimp" (around neck) {Inacc Str+3 Dex+2}
   (You found it in the Dungeon)

   [amulet of inaccuracy]

   It reduces the accuracy of all your attacks.
   It affects your strength (+3).
   It affects your dexterity (+2).
 F - a +6 ring of strength (right hand)
 G - a ring of flight (left hand)
Wands
 x - a wand of disintegration (7)
 y - a wand of iceblast (7)
 z - a wand of acid (7)
Scrolls
 i - 4 scrolls of blinking
 m - 7 scrolls of fog
 n - a scroll of holy word
 o - 5 scrolls of identify
 p - 5 scrolls of remove curse
 q - 2 scrolls of fear
Potions
 d - 10 potions of curing
 e - 10 potions of heal wounds
 f - 6 potions of haste
 g - 7 potions of magic
 h - 3 potions of berserk rage
 r - 2 potions of brilliance
 s - 2 potions of invisibility
 t - 4 potions of resistance
 u - a potion of experience
 v - 5 potions of agility
 w - 5 potions of might
Miscellaneous
 a - a lamp of fire
Comestibles
 b - 6 chunks of flesh
 c - 7 rations


   Skills:
 + Level 11.1 Fighting
 + Level 10.9(11.2) Axes
 + Level 4.3(8.3) Polearms
 + Level 5.9 Armour
 + Level 5.8 Dodging


You had 5 spell levels left.
You didn't know any spells.

Dungeon Overview and Level Annotations

Branches:
Dungeon (1/1)

Altars:
Ashenzari
Cheibriados
Dithmenos
Elyvilon
Fedhas
Gozag
Hepliaklqana
Kikubaaqudgha
Makhleb
Nemelex Xobeh
Okawaru
Qazlal
Ru
Sif Muna
Trog
Uskayaw
Vehumet
Wu Jian
Xom
Yredelemnul
Zin
The Shining One
Beogh
Jiyva
Lugonu

Annotations:
D 1 transporter


Innate Abilities, Weirdness & Mutations

You reflexively headbutt those who attack you in melee.
You have a pair of horns on your head.


Message History

You impale the crimson imp!!
You kill the crimson imp!
Trog accepts your kill.
You are feeling very hungry.
The raiju bursts into living lightning!
The living lightning misses you. The living lightning hits you!
* * * LOW HITPOINT WARNING * * *
The raiju blinks!
The raiju barely misses you.
The raiju bursts into living lightning!
The living lightning hits you!
* * * LOW HITPOINT WARNING * * *
The living lightning misses you.
The raiju blinks! x2
There is a transporter landing site here.
The raiju bites you but does no damage.
The raiju bursts into living lightning!
The living lightning hits you!
* * * LOW HITPOINT WARNING * * *
The living lightning hits you!
You die...

▓..©..▓..©..▓▓▓▓▓▓▓
▓▓▓▓▓▓▓▓▓▓▓▓▓▓
▓..8©8...▓
▓..}:=...▓
▓...=....▓
▓........▓
▓........▓
▓.▓....▓.▓
▓...©h.@.▓
▓▓▓▓▓▓▓▓▓▓


You could see a raiju.

Vanquished Creatures
  A spriggan (D)
  A black bear (D)
  A wolf (D)
  2 crimson imps (D)
  2 quasits (D)
  2 adders (D)
  2 ball pythons (D)
11 creatures vanquished.

Vanquished Creatures (others)
  An ufetubus (D)
1 creature vanquished.

Grand Total: 12 creatures vanquished

Notes
Turn   | Place    | Note
-------+----------+-------------------------------------------
     0 | D        | Found the +6 Majin-Bo {vamp, Archmagi MP+6 Int+6}
     0 | D        | Found the +7 great mace "Firestarter" {inner flame, rF++}
     0 | D        | Fang the Minotaur Berserker began the quest for the Orb.
     0 | D        | Reached XP level 1. HP: 19/19 MP: 0/0
     3 | D        | Found a blossoming altar of Fedhas.
     4 | D        | Found a viscous altar of Jiyva.
     4 | D        | Found a hazy altar of Hepliaklqana.
     4 | D        | Found a transporter.
     4 | D        | Found an opulent altar of Gozag.
     4 | D        | Found an ancient bone altar of Kikubaaqudgha.
     4 | D        | Found a corrupted altar of Lugonu.
    10 | D        | Found a burning altar of Makhleb.
    11 | D        | Found a stormy altar of Qazlal.
    11 | D        | Found a sacrificial altar of Ru.
    11 | D        | Found an iron altar of Okawaru.
    11 | D        | Found a deep blue altar of Sif Muna.
    11 | D        | Found a sparkling altar of Nemelex Xobeh.
    11 | D        | Found a bloodstained altar of Trog.
    75 | D        | Entered arena 2.
    75 | D        | Noticed a quasit
    75 | D        | Noticed a crimson imp
    75 | D        | Found a transporter.
    77 | D        | Killed a crimson imp
    77 | D        | Reached skill level 5 in Fighting
    77 | D        | Reached skill level 5 in Axes
    77 | D        | Reached XP level 2. HP: 30/30 MP: 1/1
    77 | D        | Reached XP level 3. HP: 37/37 MP: 2/2
    79 | D        | Reached ** piety under Trog
    79 | D        | Reached skill level 6 in Fighting
   123 | D        | Entered arena 3.
   123 | D        | Noticed a black bear
   123 | D        | Noticed a spriggan
   123 | D        | Noticed a wolf
   123 | D        | Found a transporter.
   128 | D        | Killed a spriggan
   128 | D        | Reached skill level 9 in Fighting
   128 | D        | Reached skill level 5 in Armour
   128 | D        | Reached XP level 4. HP: 50/50 MP: 3/3
   128 | D        | Reached XP level 5. HP: 57/57 MP: 4/4
   129 | D        | Killed a wolf
   129 | D        | Reached skill level 10 in Fighting
   129 | D        | Reached skill level 10 in Axes
   129 | D        | Reached skill level 5 in Dodging
   129 | D        | Reached XP level 6. HP: 66/66 MP: 5/5
   194 | D        | Reached *** piety under Trog
   218 | D        | Entered arena 4.
   218 | D        | Found a transporter.
   221 | D        | Reached **** piety under Trog
   229 | D        | Got the amulet "Wicrimp" {Inacc Str+3 Dex+2}
   260 | D        | Entered arena 5.
   260 | D        | Noticed a raiju
   260 | D        | Found a transporter.
   264 | D        | Reached skill level 11 in Fighting
   278 | D        | HP: 3/68 [raiju/living lightning (5)]
   278 | D        | Killed from afar by a raiju

Skill      XL: |  1  2  3  4  5  6 |
---------------+-------------------+-----
Fighting       | 5 9 10 11 | 11.1
Axes           | 5 9 10 | 10.9
Armour         | 3 5 |  5.9
Dodging        | 3 4 5 |  5.8
Polearms       | 2 4 |  4.3

Action                   |  1- 3 |  4- 6 || total
-------------------------+-------+-------++-------
Melee: Demon trident     |     7 |    15 ||    22
       Headbutt          |     2 |     2 ||     4
Invok: Berserk           |     2 |     1 ||     3
       Burn Spellbooks   |       |     1 ||     1
Armor: Shadow dragon sca |     4 |     8 ||    12
Dodge: Dodged            |     2 |    11 ||    13
